 Dungeon Crawl Stone Soup version 0.28-a0-823-gb444dcf96d (webtiles) character file.

Game seed: 9997533680851471863

32 ytrimaz the Skirmisher (level 3, 0/43 HPs)
             Began as a Demonspawn Berserker on Nov 8, 2021.
             Was a Follower of Trog.
             Constricted to death by a ball python (1 damage)
             ... on level 2 of the Dungeon on Nov 9, 2021.
             The game lasted 00:00:42 (203 turns).

ytrimaz the Skirmisher (Demonspawn Berserker)        Turns: 203, Time: 00:00:42

Health: 0/43       AC:  2    Str: 18    XL:     3   Next: 8%
Magic:  3/3        EV:  9    Int:  8    God:    Trog [*.....]
Gold:   7          SH:  0    Dex: 12    Spells: 2/2 levels left

rFire   . . .      SeeInvis .   a - +0 hand axe
rCold   . . .      Faith    .   (no shield)
rNeg    . . .      Spirit   .   b - +0 animal skin
rPois   .          Reflect  .   (no helmet)
rElec   .          Harm     .   (no cloak)
rCorr   .          Rampage  .   (no gloves)
Will    .....                   (no boots)
Stlth   ..........              (no amulet)
HPRegen 0.14/turn               (no ring)
MPRegen 0.08/turn               (no ring)

@: berserking (expiring), lethally poisoned (0 -> -3), constricted, very quick
A: ignite blood 1
a: Renounce Religion, Berserk


You were on level 2 of the Dungeon.
You worshipped Trog.
Trog was aware of your devotion.
You visited 1 branch of the dungeon, and saw 2 of its levels.

You collected 7 gold pieces.

Inventory:

Hand Weapons
 a - a +0 hand axe (weapon)
Armour
 b - a +0 animal skin (worn)
Jewellery
 c - a +4 ring of protection
 d - a ring of fire


   Skills:
 + Level 3.4 Fighting
 + Level 3.1 Axes
 * Level 2.1 Armour
 * Level 2.1 Dodging


You had 2 spell levels left.
You didn't know any spells.
Your spell library was empty.

Dungeon Overview and Level Annotations

Branches:
Dungeon (1/15)

Altars:


Innate Abilities, Weirdness & Mutations

Your demonic aura sometimes causes spilled blood to erupt in flames.


Message History

You closely miss Robin. You hit Robin.
Robin is moderately wounded.
Robin is engulfed in blazing flames.
Robin hits you with a +0 trident.
* * * LOW HITPOINT WARNING * * *
You barely miss Robin.
Robin is severely wounded.
Robin is engulfed in blazing flames.
You kill Robin!
Trog accepts your kill.
Your Axes skill increases to level 3!
Your Armour skill increases to level 2!
The adder barely misses you.
Things that are here:
a +0 trident; a +0 animal skin; a +0 helmet You miss the adder.
The adder bites you.
* * * LOW HITPOINT WARNING * * *
You are lethally poisoned!
The adder poisons you!
Unknown command.
You slash the adder!
The adder is severely wounded.
* * * LOW HITPOINT WARNING * * *
You feel sick.
The adder is engulfed in blazing flames.
You kill the adder!
Trog accepts your kill.
You have reached level 3!
Your experience leads to an increase in your attributes!
Increase (S)trength, (I)ntelligence, or (D)exterity?
You feel stronger.
Unknown command.
* * * LOW HITPOINT WARNING * * *
You feel sick. The ball python closely misses you.
The ball python barely misses you.
You closely miss the ball python.
* * * LOW HITPOINT WARNING * * *
You feel sick. The ball python bites you.
* * * LOW HITPOINT WARNING * * *
The ball python grabs you. The ball python constricts you.
You die...

#
###########.#####
#....).))@Sg.....
#.#########g#####
#.# # #.# #.# #.#
#.# #.# #.#


You could see a hobgoblin (strong), a goblin and a ball python.

Vanquished Creatures
  Robin (D:2)
  An adder (D:2)
  5 goblins (D:2)
  A hobgoblin (D:1)
  2 kobolds (D:1)
  A quokka (D:1)
  A rat (D:1)
12 creatures vanquished.

Notes
Turn   | Place    | Note
-------+----------+-------------------------------------------
     0 | D:1      | ytrimaz the Demonspawn Berserker began the quest for the
                  | Orb.
     0 | D:1      | Reached XP level 1. HP: 18/18 MP: 1/1
    56 | D:1      | Upgraded the game from 0.28-a0-819-g6ef7baa362 to
                  | 0.28-a0-823-gb444dcf96d
   174 | D:1      | You fall into a shaft and drop 1 floor!
   182 | D:2      | Noticed Robin
   190 | D:2      | Gained mutation: Your demonic aura sometimes causes spilled
                  | blood to erupt in flames. [demonic ancestry]
   190 | D:2      | Reached XP level 2. HP: 11/24 MP: 2/2
   198 | D:2      | Killed Robin
   202 | D:2      | Reached XP level 3. HP: 4/29 MP: 3/3
   203 | D:2      | HP: 1/43 [ball python (2)]
   203 | D:2      | Constricted to death by a ball python

Illustrated notes

Levels and vault maps discovered:
D:1:      dpeg_arrival_pits, layout_basic
D:2:      layout_loops_ring, serial_shops, nicolae_shop_waterfront,
          bh_walls_and_bars, uniq_robin, uniq_natasha

Skill      XL: |  1  2 |
---------------+-------+-----
Dodging        | 2 |  2.1
Axes           | 3 |  3.1
Armour         | 2 |  2.1
Fighting       | |  3.4

Action                   || total
-------------------------++-------
Melee: Hand axe          ||    31
Invok: Berserk           ||     1
 Stab: Sleeping          ||     1
Dodge: Dodged            ||    20

Table legend: (Time is in decaauts)
 A = Elapsed time spent in this place.
 B = Non-inter-level travel time spent in this place.
 C = Inter-level travel time spent in this place.
 D = Time resting spent in this place.
 E = Time spent auto-exploring this place.
 F = Levels seen in this place.
 G = Mean time per level.
                   A        B        C        D        E       F      G
               +--------+--------+--------+--------+--------+-----+--------+
         Total |    201 |    201 |      0 |      0 |    142 |   2 |  100.5 |
       Dungeon |    201 |    201 |      0 |      0 |    142 |   2 |  100.5 |
               +--------+--------+--------+--------+--------+-----+--------+

Top non-repeatable levels by time:
     D:1: 176 daAuts
     D:2: 25 daAuts
